AoeStats
← nidia.arfanotti

Nomad

510032396Analyzed
2v2 RM · 2d ago on Sep 29, 2026· 82m 55s· 4 players
Game mode
Random Map
Map size
176×176
Population
200
Speed
Normal
Resources
Standard
Victory
Conquest
Starting age
Dark Age
Ending age
Imperial Age
RankedLock teamsTeams togetherTeam positionsShared explorationLock speedFull tech treeHidden civsTurbo modeCheats
Victory
Defeat
🇲🇽 Italians · Mexico
907
+18
🇨🇴 Dravidians · Colombia
907
+18
🇦🇷 Ethiopians · Argentina
960
-53
🇵🇪 Vikings · Peru
940
-18
LARRI CAVERGA
14:58 Feudal Age
21:29 Castle Age
20:48 Double-Bit Axe
24:15 Scale Mail Armor
24:04 Horse Collar
26:00 Forging
30:49 Iron Casting
33:22 Chain Mail Armor
39:03 Imperial Age
46:21 Elite Varangian Guard
49:19 Blast Furnace
51:45 Plate Mail Armor
51:24 Fishing Lines
55:40 Conscription
55:18 Loom
56:25 Squires
56:40 Chieftains
56:56 Fletching
57:53 Bodkin Arrow
63:36 Capped Ram
64:37 Siege Ram
66:02 Medium Warships
67:30 Hoardings
69:57 Heavy Scorpion
nidia.arfanotti
8:43 Loom
17:29 Feudal Age
17:57 Double-Bit Axe
19:20 Man-at-Arms
19:44 Horse Collar
21:16 Wheelbarrow
32:01 Castle Age
32:09 Stone Mining
32:12 Gold Mining
32:32 Scale Barding Armor
34:34 Hand Cart
34:05 Town Watch
34:26 Caravan
34:49 Chain Barding Armor
34:30 Scale Mail Armor
36:26 Town Patrol
39:23 Forging
48:11 Fishing Lines
53:34 Imperial Age
54:26 Torsion Engines
53:47 Elite Shotel Warrior
54:49 Conscription
57:54 Royal Heirs
64:57 Guilds
69:29 Arson
73:09 Sappers
79:04 Demolition Ship
Slidhane
11:42 Loom
15:08 Feudal Age
15:34 Fishing Lines
15:58 Double-Bit Axe
17:33 Wheelbarrow
22:48 Castle Age
22:25 Scale Barding Armor
24:22 Bow Saw
27:45 Man-at-Arms
30:39 Gold Mining
31:45 Long Swordsman
35:51 Forging
37:09 Iron Casting
37:11 Stone Mining
38:22 Scale Mail Armor
43:04 Imperial Age
42:21 Chain Mail Armor
43:10 Two-Handed Swordsman
44:06 Squires
45:53 Blast Furnace
45:24 Plate Mail Armor
45:09 Champion
46:56 Silk Road
51:15 Light Cavalry
52:41 Hand Cart
55:44 Hussar
58:52 Medium Warships
58:35 Demolition Ship
60:06 Gillnets
61:14 Bloodlines
63:16 Stone Shaft Mining
63:18 Town Watch
64:32 Husbandry
64:59 Chain Barding Armor
66:05 Conscription
66:04 Pirotechnia
67:26 Ballistics
68:08 Chemistry
67:40 Crossbowman
67:54 Elite Genoese Crossbowman
68:19 Arbalester
69:05 Thumb Ring
69:15 Fletching
69:25 Padded Archer Armor
75:30 Hoardings
Addeos
15:06 Feudal Age
15:42 Fishing Lines
18:42 Wheelbarrow
21:47 Castle Age
22:19 Double-Bit Axe
24:05 Bow Saw
23:49 Gold Mining
23:53 Stone Mining
24:10 Gillnets
24:59 Hand Cart
26:14 Horse Collar
33:44 Imperial Age
33:23 Forging
36:12 Iron Casting
35:28 Loom
37:03 Scale Barding Armor
38:00 Blast Furnace
38:09 Chain Barding Armor
38:46 Husbandry
44:11 Elite Urumi Swordsman
45:22 Scale Mail Armor
47:29 Wootz Steel
49:23 Gambesons
49:38 Squires
49:24 Arson
50:01 Heavy Plow
53:38 Two-Man Saw
54:45 Caravan
56:27 Conscription
59:10 Medium Warships
59:40 Padded Archer Armor
59:32 Fletching
61:36 Chain Mail Armor
62:23 Bodkin Arrow
63:02 Plate Mail Armor
64:40 Ballistics
65:21 Chemistry
64:36 Careening
64:36 Clinker Construction
67:17 Bracer
78:55 Dry Dock
78:55 Carvel Hull
78:57 Shipwright
81:34 Elite Cannon Galleon
Connection lost

Rejoining the realm…

Still unreachable

The connection could not be restored.

Session expired

The server has moved on; the page needs a fresh start.